 Dungeon Crawl Stone Soup version 0.28-a0-1190-g77e1c55843 (webtiles) character file.

Game seed: 4791749906728368692

3 fauxio the Skirmisher (level 1, 0/18 HPs)
             Began as a Demonspawn Abyssal Knight on Dec 19, 2021.
             Was a Follower of Lugonu.
             Slain by a quokka (4 damage)
             ... on level 1 of the Dungeon.
             The game lasted 00:05:56 (377 turns).

fauxio the Skirmisher (Demonspawn Abyssal Knight)    Turns: 377, Time: 00:05:56

Health: 0/18       AC:  3    Str: 13    XL:     1   Next: 41%
Magic:  2/2        EV: 11    Int: 11    God:    Lugonu [*.....]
Gold:   0          SH:  0    Dex: 13    Spells: 0/0 levels left

rFire   . . .      SeeInvis .   a - +1 spear
rCold   . . .      Faith    .   (no shield)
rNeg    . . .      Spirit   .   b - +0 leather armour
rPois   .          Reflect  .   (no helmet)
rElec   .          Harm     .   (no cloak)
rCorr   .          Rampage  .   (no gloves)
Will    .....                   (no boots)
Stlth   +.........              (no amulet)
HPRegen 0.06/turn               (no ring)
MPRegen 0.08/turn               (no ring)

@: no status effects
A: no striking features
a: Renounce Religion, Depart the Abyss


You were on level 1 of the Dungeon.
You worshipped Lugonu.
Lugonu was aware of your devotion.
You visited 1 branch of the dungeon, and saw 1 of its levels.
You visited the Abyss 1 time.

Inventory:

Hand Weapons
 a - a +1 spear (weapon)
Armour
 b - a +0 leather armour (worn)
 c - a +0 robe


   Skills:
 + Level 3.0 Fighting
 + Level 1.9 Polearms
 + Level 1.9 Armour
 + Level 0.8 Dodging
 + Level 2.5 Invocations


You couldn't memorise any spells.
You didn't know any spells.
Your spell library was empty.

Dungeon Overview and Level Annotations

Branches:
Dungeon (1/15)

Altars:


Message History

The worm barely misses you.
You hit the worm.
The worm is heavily wounded.
You hit the worm.
The worm is heavily wounded.
The worm misses you.
You hit the worm.
The worm is severely wounded.
You barely miss the worm.
The worm is severely wounded.
The worm barely misses you.
You hit the worm but do no damage.
The worm is severely wounded.
The worm bites you!
You hit the worm but do no damage.
The worm is severely wounded.
You hit the worm.
The worm is almost dead.
The worm bites you!
Ouch! That really hurt!
* * * LOW HITPOINT WARNING * * *
Things that are here:
a +0 dagger; a goblin corpse You closely miss the quokka.
The quokka closely misses you.
You barely miss the quokka. The quokka barely misses you.
You closely miss the quokka.
The quokka bites you but does no damage.
You hit the quokka.
The quokka is severely wounded.
The quokka bites you.
* * * LOW HITPOINT WARNING * * *
The quokka completely misses you.
You closely miss the quokka.
The quokka is severely wounded.
The quokka closely misses you. The quokka bites you.
* * * LOW HITPOINT WARNING * * *
You hit the quokka.
The quokka is almost dead.
The quokka bites you.
You die...

#.... #...##########
...#.......# #.#.#.# #
#...#.###.# #.........#
#.###..######.#
#.r.#.......#.#
###@#...###.#.#
#...#.###.#.#
#####.....#.# ##..###.#
#....##.### #.........#
#....##.#.# #....##...#
##############.###.######


You could see a quokka.

Vanquished Creatures
  A ball python (D:1)
  2 frilled lizards (D:1)
  A goblin (D:1)
4 creatures vanquished.

Notes
Turn   | Place    | Note
-------+----------+-------------------------------------------
     0 | Abyss:1  | fauxio the Demonspawn Abyssal Knight began the quest for
                  | the Orb.
     0 | Abyss:1  | Reached XP level 1. HP: 18/18 MP: 2/2
    10 | D:1      | Escaped the Abyss
   377 | D:1      | Slain by a quokka

Illustrated notes

Levels and vault maps discovered:
D:1:      shiori_arrival_elements, layout_basic, nicolae_wormholes

Action                   || total
-------------------------++-------
Melee: Spear             ||    39
  Use: Scroll            ||     1
Armor: Leather armour    ||     3
Dodge: Dodged            ||    22

Table legend: (Time is in decaauts)
 A = Elapsed time spent in this place.
 B = Non-inter-level travel time spent in this place.
 C = Inter-level travel time spent in this place.
 D = Time resting spent in this place.
 E = Time spent auto-exploring this place.
 F = Levels seen in this place.
 G = Mean time per level.
                   A        B        C        D        E       F      G
               +--------+--------+--------+--------+--------+-----+--------+
         Total |    377 |    202 |    175 |      0 |      0 |   2 |  188.5 |
       Dungeon |    367 |    192 |    175 |      0 |      0 |   1 |  367.0 |
         Abyss |     10 |     10 |      0 |      0 |      0 |   1 |   10.0 |
               +--------+--------+--------+--------+--------+-----+--------+

Top non-repeatable levels by time:
     D:1: 367 daAuts
 Abyss:1: 10 daAuts
